 Dungeon Crawl Stone Soup version 0.29-a0-1016-g236c7fd91e (webtiles) character file.

Game seed: 13107803716518875382

58 voltaire321 the Stinger (level 3, -2/20 HPs)
             Began as a Deep Elf Venom Mage on Aug 9, 2022.
             Slain by a worm (10 damage)
             ... on level 3 of the Dungeon.
             The game lasted 00:06:53 (1966 turns).

voltaire321 the Stinger (Deep Elf Venom Mage)       Turns: 1966, Time: 00:06:54

Health: -2/20      AC:  5    Str:  7    XL:     3   Next: 75%
Magic:  7/9        EV: 12    Int: 19    God:
Gold:   79         SH:  0    Dex: 15    Spells: 5/8 levels left

rFire   . . .      SeeInvis .   e - +0 dagger
rCold   . . .      Faith    .   (no shield)
rNeg    + . .      Spirit   .   l - +1 leather armour {rN+}
rPois   .          Reflect  .   (no helmet)
rElec   .          Harm     .   (no cloak)
rCorr   .          Rampage  .   i - +0 pair of gloves
Will    .....                   (no boots)
Stlth   ++........              (no amulet)
HPRegen 0.06/turn               (no ring)
MPRegen 0.11/turn               (no ring)

@: no status effects
A: no striking features
a: no special abilities


You were on level 3 of the Dungeon.
You visited 1 branch of the dungeon, and saw 3 of its levels.

You collected 79 gold pieces.

Inventory:

Hand Weapons
 e - a +0 dagger (weapon)
Armour
 a - a +0 robe
 i - a +0 pair of gloves (worn)
 l - a +1 leather armour of positive energy (worn)
Wands
 c - a wand of flame (13)
 m - a wand of iceblast (5)
 r - a wand of polymorph (13)
Scrolls
 d - a scroll of enchant armour {unknown}
 j - a scroll of vulnerability {unknown}
 p - a scroll of acquirement {unknown}
Potions
 b - a potion of magic
 f - 2 potions of heal wounds
 g - a potion of might
 h - a potion of experience {unknown}
 k - a potion of mutation {unknown}
 n - a potion of curing {unknown}
 o - 2 potions of brilliance
 q - 2 potions of haste


   Skills:
 + Level 0.9 Fighting
 + Level 0.4 Armour
 + Level 2.8 Dodging
 + Level 2.9 Stealth
 + Level 3.4 Spellcasting
 + Level 1.9 Transmutations
 - Level 0.1 Air Magic
 + Level 3.7 Poison Magic


You had 5 spell levels left.
You knew the following spells:

 Your Spells              Type           Power      Damage    Failure   Level
a - Sting                 Tmut/Pois      56%        1d5       7%          1
b - Poisonous Vapours     Pois/Air       20%        N/A       14%         2

Your spell library contained the following spells:

 Spells                   Type           Power      Damage    Failure   Level
 Wereblood                Tmut           10%        N/A       14%         2
 Sublimation of Blood     Necr           3%         N/A       32%         2
 Mephitic Cloud           Conj/Pois/Air  8%         N/A       36%         3
 Olgreb's Toxic Radiance  Pois           17%        N/A       41%         4
 Call Canine Familiar     Summ           3%         N/A       54%         3
 Portal Projectile        Hex/Tloc       6%         N/A       54%         3
 Leda's Liquefaction      Hex/Erth       1%         N/A       91%         4
 Summon Hydra             Summ           1%         N/A       100%        7


Dungeon Overview and Level Annotations

Branches:
Dungeon (3/15)

Altars:
Vehumet


Message History

Confirm with . or Enter, or press ? or * to list all spells.
Aiming: Sting (safe; 7% risk of failure)
Press: ? - help, Shift-Dir - straight line, f - worm
Aim: a worm (90% to hit)
The sting misses the worm.
Casting: Sting (safe; 7% risk of failure)
Confirm with . or Enter, or press ? or * to list all spells.
Aiming: Sting (safe; 7% risk of failure)
Press: ? - help, Shift-Dir - straight line, f/p - worm
Aim: a worm (90% to hit)
The sting hits the worm.
The worm is poisoned.
The worm is moderately wounded.
You hit the worm.
The worm is heavily wounded.
The worm closely misses you.
You hit the worm but do no damage.
The worm is heavily wounded.
You hit the worm but do no damage.
The worm is heavily wounded.
The worm bites you.
You barely miss the worm.
The worm is heavily wounded.
The worm looks more healthy.
The worm bites you.
You hit the worm.
The worm is heavily wounded.
You hit the worm.
The worm is heavily wounded.
The worm bites you!
You hit the worm.
The worm is heavily wounded.
Casting: Sting (safe; 7% risk of failure)
Confirm with . or Enter, or press ? or * to list all spells.
Aiming: Sting (safe; 7% risk of failure)
Press: ? - help, Shift-Dir - straight line, f/p - worm
Aim: a worm (heavily wounded, 90% to hit)
The sting hits the worm.
The worm is poisoned.
The worm is almost dead.
The worm bites you!
Ouch! That really hurt!
You die...

♣.P..P... ..................#
......#..## #.....†.........#
#.P...#.....###...............#
###.♣.#.)...........###.#######
#. #. #####...†..†...#
................#
###.....##.####.#
....##..##.####.# ###
#.@......... #....w##.#.##
#.......##.#.# ......... #
........# ......... #..#.....
#..#.##.#


You could see a worm (poisoned).

Vanquished Creatures
  2 adders (D:2)
  A worm (D:2)
  5 endoplasms
  2 giant cockroaches (D:3)
  2 goblins (D:1)
  4 hobgoblins
  4 kobolds (D:1)
  3 quokkas
  3 ball pythons (D:1)
  A bat (D:3)
  4 frilled lizards (D:1)
  3 rats
34 creatures vanquished.

Notes
Turn   | Place    | Note
-------+----------+-------------------------------------------
     0 | D:1      | voltaire321 the Deep Elf Venom Mage began the quest for the
                  | Orb.
     0 | D:1      | Reached XP level 1. HP: 10/10 MP: 6/6
   189 | D:1      | Reached XP level 2. HP: 16/16 MP: 6/8
   249 | D:1      | Learned a level 2 spell: Poisonous Vapours
   837 | D:2      | Reached XP level 3. HP: 11/20 MP: 5/9
  1044 | D:2      | Found a radiant altar of Vehumet.
  1891 | D:3      | Found a faded altar of an unknown god.
  1966 | D:3      | Slain by a worm

Illustrated notes

Levels and vault maps discovered:
D:1:      spicycebolla_green_bress_n_ham_2, layout_loops_ring,
          kennysheep_doodads
D:2:      layout_loops_ring, basic_altar, hangedman_decor_push
D:3:      layout_basic, lemuel_round_altar, basic_ecumenical_altar,
          serial_bayou_pond_a

Action                   || total
-------------------------++-------
Melee: Dagger            ||    54
       Unarmed           ||     1
 Cast: Sting             ||    36
  Use: Scroll            ||     4
 Stab: Sleeping          ||     7
Armor: Leather armour    ||     9
Dodge: Dodged            ||    28

Table legend: (Time is in decaauts)
 A = Elapsed time spent in this place.
 B = Non-inter-level travel time spent in this place.
 C = Inter-level travel time spent in this place.
 D = Time resting spent in this place.
 E = Time spent auto-exploring this place.
 F = Levels seen in this place.
 G = Mean time per level.
                   A        B        C        D        E       F      G
               +--------+--------+--------+--------+--------+-----+--------+
         Total |   1966 |   1899 |     67 |    274 |   1237 |   3 |  655.3 |
       Dungeon |   1966 |   1899 |     67 |    274 |   1237 |   3 |  655.3 |
               +--------+--------+--------+--------+--------+-----+--------+

Top non-repeatable levels by time:
     D:2: 852 daAuts
     D:1: 821 daAuts
     D:3: 292 daAuts
